 Dungeon Crawl Stone Soup version 0.31.0-11-ge490571c62 (webtiles) character file.

Game seed: 16457989955339600967

261 qw the Skirmisher (level 5, -2/30 HPs)
             Began as a Deep Elf Hunter on Feb 4, 2024.
             Slain by a gnoll bouda
             ... wielding a +0 club
              (6 damage)
             ... on level 4 of the Dungeon.
             The game lasted 00:00:09 (2842 turns).

qw the Skirmisher (Deep Elf Hunter)                 Turns: 2842, Time: 00:00:10

Health: -2/30      AC:  7    Str: 13    XL:     5   Next: 96%
Magic:  2/2        EV: 12    Int: 14    God:
Gold:   184        SH:  0    Dex: 18    Spells: 4/4 levels left

rFire   . . .        b - +9 sling "Nemeis" {antimagic, Str+3}
rCold   . . .        (no shield)
rNeg    . . .        e - +0 ring mail
rPois   .            (no helmet)
rElec   .            (no cloak)
rCorr   .            i - +1 pair of gloves
SInv    .            (no boots)
Will    .....        (no amulet)
Stlth   +            (no ring)
HPRegen 0.25/turn    (no ring)
MPRegen 0.08/turn

%: no passive effects
@: no status effects
A: no striking features
a: no special abilities


You were on level 4 of the Dungeon.
You visited 1 branch of the dungeon, and saw 4 of its levels.

You collected 184 gold pieces.


   Skills:
 - Level 2.0 Fighting
 + Level 9.0 Ranged Weapons
 - Level 3.3 Dodging
 - Level 1.2 Stealth


You had 4 spell levels left.
You didn't know any spells.
Your spell library was empty.

Inventory:

Hand Weapons
 b - the +9 sling "Nemeis" (weapon) {antimagic, Str+3}
   (You acquired it on level 3 of the Dungeon)

   Str+3:     It affects your strength (+3).
Armour
 e - a +0 ring mail (worn)
 i - a +1 pair of gloves (worn)
Potions
 a - a potion of mutation {unknown}
 c - a potion of degeneration {unknown}
 f - 3 potions of curing
 g - 3 potions of cancellation

Dungeon Overview and Level Annotations

Branches:
Dungeon (4/15)
 Temple: D:4-7

Altars:
Kikubaaqudgha
Uskayaw

Shops:
D:1 (


Message History

The sling bullet hits the gnoll but does no damage.
You hear a shout! x2
The quokka bites you but does no damage.
The gnoll hits you from afar with a +0 spear.
You shoot a sling bullet. The sling bullet hits the quokka.
The quokka is almost dead.
The quokka bites you but does no damage.
A kobold comes into view. It is wielding a +0 short sword.
The gnoll hits you from afar with a +0 spear.
The quokka closely misses you.
You shoot a sling bullet. The sling bullet hits the quokka!
You kill the quokka!
The gnoll barely misses you.
A gnoll bouda comes into view. It is wielding a +0 club.
The gnoll hits you from afar with a +0 spear.
The gnoll bouda barely misses you.
You shoot a sling bullet. The sling bullet hits the gnoll bouda!
The gnoll bouda is moderately wounded.
You hear a shout!
The gnoll hits you from afar with a +0 spear.
The gnoll bouda barks out a call to the hunt!
The gnoll picks up the pace!
You shoot a sling bullet.
The sling bullet barely misses the gnoll bouda.
The sling bullet hits the gnoll!
The gnoll is almost dead.
The gnoll hits you from afar with a +0 spear.
The jelly jiggles.
You shoot a sling bullet. The sling bullet hits the jelly!
You kill the jelly!
A gnoll comes into view. It is wielding a +0 whip.
The gnoll hits you from afar with a +0 spear.
The gnoll bouda closely misses you.
Your Dodging skill increases to level 3!
You shoot a sling bullet. The sling bullet hits the gnoll bouda.
The gnoll bouda is heavily wounded.
The gnoll hits you with a +0 whip.
The gnoll hits you from afar with a +0 spear.
The gnoll bouda hits you with a +0 club.
You die...

........................#
........................##
...).....................#
#...)....................########
####.........###########.....##..
#)........# #####.##.#
####.........##### #.##.#
.................# #.##..
.....###########@# ###...>.
.....### #ggK.8~8¤ #....###
.......# ###g.~~¤¤ #....###
.....#%# ....¤. #....... .....#.#
...). #....#.# .......#
#######......# .......#
#...........#
.......##############...........#
#####..##........................


You could see a gnoll bouda, 2 gnolls and a kobold.

Vanquished Creatures
  A hound (D:3)
  A jelly (D:4)
  2 orc priests (D:4)
  Jessica (D:2)
  6 adders
  2 dart slugs
  7 orcs (D:4)
  3 bats (D:1)
  2 endoplasms (D:2)
  5 giant cockroaches
  7 goblins
  4 hobgoblins (D:2)
  4 quokkas
  5 ball pythons
  A frilled lizard (D:2)
  4 rats
55 creatures vanquished.

Notes
Turn   | Place    | Note
-------+----------+-------------------------------------------
     0 | D:1      | qw the Deep Elf Hunter began the quest for the Orb.
     0 | D:1      | Reached XP level 1. HP: 12/12 MP: 3/3
     0 | D:1      | 0 ||| qw: Version: 0.3-a-160-g6735b56
     0 | D:1      | 0 ||| qw: Game counter: 4417
     0 | D:1      | 0 ||| qw: Melee chars always use a shield: true
     0 | D:1      | 0 ||| qw: God list: Okawaru
     0 | D:1      | 0 ||| qw: Allow faded altars: false
     0 | D:1      | 0 ||| qw: Do Orc after clearing Dungeon:15 true
     0 | D:1      | 0 ||| qw: Do second Lair branch before Depths: true
     0 | D:1      | 0 ||| qw: Lair rune preference: random
     0 | D:1      | 0 ||| qw: Goals: Normal
     0 | D:1      | 0 ||| PLANNING D:1-11
    12 | D:1      | Found Xoukkom's Antique Weapon Shoppe.
    83 | D:1      | Reached XP level 2. HP: 16/16 MP: 4/4
   144 | D:1      | Reached skill level 6 in Ranged Weapons
   704 | D:1      | 704 ||| UPGRADING to +0 ring mail.
   714 | D:1      | 714 ||| DROPPING +0 leather armour.
   715 | D:1      | 715 ||| READING scroll labelled NUTUALUNUG.
   715 | D:1      | 715 ||| IDENTIFYING fizzy dark potion
   716 | D:1      | 716 ||| DRINKING 2 red potions.
   717 | D:1      | 717 ||| DROPPING scroll of butterflies.
   875 | D:2      | Reached XP level 3. HP: 11/20 MP: 5/5
   928 | D:2      | Noticed Jessica
   938 | D:2      | Killed Jessica
   939 | D:2      | Reached skill level 7 in Ranged Weapons
  1320 | D:2      | Identified the +0 leather armour of the Dragon {rC- Str+4}
  1498 | D:2      | 1498 ||| DROPPING +0 leather armour of the Dragon {rC-
                  | Str+4}.
  1499 | D:2      | 1499 ||| READING scroll of identify.
  1499 | D:2      | 1499 ||| IDENTIFYING golden potion
  1500 | D:2      | 1500 ||| READING scroll labelled XAILAG HEUSCH.
  1501 | D:2      | 1501 ||| READING 2 scrolls labelled MYKICO YSEUQA.
  1602 | D:2      | 1602 ||| READING 2 scrolls labelled CAWNAR OTES.
  1603 | D:2      | 1603 ||| DROPPING potion of brilliance.
  1604 | D:2      | 1604 ||| DROPPING scroll of vulnerability.
  1605 | D:2      | 1605 ||| DROPPING scroll of amnesia.
  1626 | D:3      | Reached XP level 4. HP: 18/25 MP: 6/6
  1682 | D:3      | Found an ancient bone altar of Kikubaaqudgha.
  1883 | D:3      | Reached skill level 8 in Ranged Weapons
  2396 | D:3      | 2396 ||| UPGRADING to +0 pair of gloves.
  2401 | D:3      | 2401 ||| READING 3 scrolls of identify.
  2401 | D:3      | 2401 ||| IDENTIFYING scroll labelled SAELURUOBUU
  2402 | D:3      | 2402 ||| READING scroll of enchant armour.
  2402 | D:3      | 2402 ||| ENCHANTING +0 pair of gloves.
  2403 | D:3      | 2403 ||| READING 2 scrolls of identify.
  2403 | D:3      | 2403 ||| IDENTIFYING scroll labelled UFIGEKHLEJA
  2403 | D:3      | Identified a scroll of acquirement
  2404 | D:3      | 2404 ||| READING scroll of acquirement.
  2404 | D:3      | 2404 ||| ACQUIRING +9 sling "Nemeis" {antimagic, Str+3}
  2404 | D:3      | Acquired the +9 sling "Nemeis" {antimagic, Str+3}
  2406 | D:3      | 2406 ||| SWAPPING to +9 sling "Nemeis" {antimagic, Str+3}.
  2407 | D:3      | 2407 ||| DROPPING +0 shortbow.
  2408 | D:3      | 2408 ||| READING scroll of identify.
  2408 | D:3      | 2408 ||| IDENTIFYING 3 scrolls labelled KIGI SEFENE
  2409 | D:3      | 2409 ||| DROPPING 3 scrolls of noise.
  2465 | D:4      | Reached XP level 5. HP: 29/29 MP: 2/7
  2469 | D:4      | Reached skill level 9 in Ranged Weapons
  2493 | D:4      | 2493 ||| FLEEEEING.
  2778 | D:4      | Found a hide-covered altar of Uskayaw.
  2782 | D:4      | Noticed a +0 dagger
  2783 | D:4      | Noticed a +0 dagger
  2841 | D:4      | HP: 7/30 [gnoll/+0 spear[a gnoll bouda] (2)]
  2842 | D:4      | Reached skill level 3 in Dodging
  2842 | D:4      | Slain by a gnoll bouda

Levels and vault maps discovered:
D:1:      dpeg_arrival_boxes_within_box, layout_basic, serial_shops,
          nicolae_shop_crystal
D:2:      layout_basic, uniq_jessica
D:3:      layout_basic, kiku_gazebo_garden_becter, st_stairs_12
D:4:      layout_basic, dancing_weapons_uskayaw, kennysheep_generic_room_11

Skill      XL: |  1  2  3  4  5 |
---------------+----------------+-----
Ranged Weapons | 6 7 8 9 |  9.0
Fighting       | 2 |  2.0
Dodging        | 3 |  3.3
Stealth        | |  1.2

Action                     |  1- 3 |  4- 6 || total
---------------------------+-------+-------++-------
   Fire: Shortbow          |    97 |    28 ||   125
         Sling             |       |    42 ||    42
    Use: Scroll            |     5 |     5 ||    10
         Potion            |     1 |       ||     1
 Armour: Leather armour    |    10 |       ||    10
         Ring mail         |    17 |    25 ||    42
  Dodge: Dodged            |    21 |    18 ||    39

Table legend:
 A = Non-vault XP
 B = Vault XP
 C = Vault XP percentage of total XP
 D = Non-vault monster count
 E = Vault monster count
 F = Vault count percentage of total count
                 A         B        C        D         E       F
            +---------+---------+-------+---------+---------+-------
      Total |     307 |      67 |  17.9 |      50 |       5 |   9.1
            +---------+---------+-------+---------+---------+-------
        D:1 |      28 |       0 |   0.0 |      15 |       0 |   0.0
        D:2 |      25 |      37 |  59.7 |      15 |       1 |   6.2
        D:3 |      69 |      28 |  28.9 |       3 |       3 |  50.0
        D:4 |     185 |       2 |   1.1 |      17 |       1 |   5.6
            +---------+---------+-------+---------+---------+-------
